 Dungeon Crawl Stone Soup version 0.30-a0-125-g51eefa89be (webtiles) character file.

Game seed: 13204514842826802982

37354 ICEMaiden the Nimble (level 13, -2/175 HPs)
             Began as a Deep Elf Hedge Wizard on Sept 19, 2022.
             Was an Elder of Ashenzari.
             Slain by a demonic crawler (3 damage)
             ... on level 1 of the Spider Nest.
             The game lasted 01:20:09 (22729 turns).

ICEMaiden the Nimble (Deep Elf Hedge Wizard)       Turns: 22729, Time: 01:20:09

Health: -2/175     AC: 30    Str: 11    XL:     13   Next: 57%
Magic:  29/29      EV:  2    Int: 21    God:    Ashenzari [****..]
Gold:   851        SH:  0    Dex: 14    Spells: 11/32 levels left

rFire   . . .      SeeInvis +    s - +4 dagger "Per Aspera Ad Scientiam" {venom, Bglg, Melee} (curse)
rCold   . . .      Faith    .    (no shield)
rNeg    . . .      Spirit   .    (body armour currently unavailable)
rPois   +          Reflect  .    (helmet currently unavailable)
rElec   .          Harm     .    (cloak currently unavailable)
rCorr   .          Rampage  .    (gloves currently unavailable)
Will    +....      Clarity  +    (boots currently unavailable)
Stlth   .......... NoTele   +    S - amulet of magic regeneration
HPRegen 0.39/turn                l - ring "Behold Eternity" {AC+4, Evo, Elem} (curse)
MPRegen 0.61/turn                r - ring of the Revealing Fetters {EV+4 Slay+5, Range, Bglg} (curse)

@: berserking, lethally poisoned (-2 -> -39), tree-form, very quick
A: stationary, stasis, torment immunity, boosted hp
a: Renounce Religion, Curse Item, Shatter the Chains


You were on level 1 of the Spider Nest.
You worshipped Ashenzari.
Ashenzari was greatly pleased with you.
You were a tree.
You visited 4 branches of the dungeon, and saw 19 of its levels.

You collected 914 gold pieces.
You spent 63 gold pieces at shops.

Inventory:

Hand Weapons
 s - the cursed +4 dagger "Per Aspera Ad Scientiam" (weapon) {venom, Bglg, Melee}
   (You took it off a kobold on level 2 of the Dungeon)

   It poisons the flesh of those it strikes.
   It has a curse which improves the following skills: Beguiling: Conjurations,
   Hexes and Translocations.
   Melee Combat: Short Blades, Long Blades, Axes, Maces & Flails, Polearms,
   Staves and Unarmed Combat.
 x - the +0 scimitar "Zudghej" {vorpal, Drain *Slow Fly Will+++}
   (You found it on level 4 of the Dungeon)

   It inflicts extra damage upon your enemies.
   Fly:       It grants you flight.
   Drain:     It drains your maximum health when unequipped.
   *Slow:     It may slow you when you take damage.
   Will:      It greatly increases your willpower.
Armour
 b - the cursed +0 acid dragon scales of Ashenzari's Scepticism (melded) {rCorr, Self, Bglg}
   (You found it on level 7 of the Dungeon)

   rCorr:     It protects you from acid and corrosion.
   It has a curse which improves the following skills: Introspection: Fighting
   and Spellcasting.
   Beguiling: Conjurations, Hexes and Translocations.
 f - a +1 robe of cold resistance
 g - a +0 troll leather armour
 j - a +2 hat of see invisible
 w - the cursed +2 helmet of Star-Bound Wisdom (melded) {Elem, Bglg}
   (You found it on level 3 of the Dungeon)

   It has a curse which improves the following skills: Elements: Fire Magic, Ice
   Magic, Air Magic and Earth Magic.
   Beguiling: Conjurations, Hexes and Translocations.
 Q - the cursed +2 cloak "Bound With Me" (melded) {Range, Self}
   (You found it on level 1 of the Lair of Beasts)

   It has a curse which improves the following skills: Ranged Combat: Ranged
   Weapons and Throwing.
   Introspection: Fighting and Spellcasting.
 U - a +0 buckler
 W - the +1 robe of Kokkosch {rC+ Str-3 SInv}
   (You found it on level 4 of the Lair of Beasts)

   Str:       It affects your strength (-3).
   rC:        It protects you from cold.
   SInv:      It lets you see invisible.
 X - a +1 robe of fire resistance
 Y - a +1 pair of gloves (melded)
Magical Staves
 m - a staff of poison
 y - a staff of earth
 G - a staff of air
Jewellery
 l - the cursed ring "Behold Eternity" (left branch) {AC+4, Evo, Elem}
   (You found it on level 1 of the Dungeon)

   [ring of protection]

   AC:        It affects your AC (+4).
   It has a curse which improves the following skills: Evocations: Evocations.
   Elements:  Fire Magic, Ice Magic, Air Magic and Earth Magic.
 r - the cursed ring of the Revealing Fetters (right branch) {EV+4 Slay+5, Range, Bglg}
   (You acquired it on level 12 of the Dungeon)

   [ring of evasion]

   EV:        It affects your evasion (+4).
   Slay:      It affects your accuracy & damage with ranged weapons and melee
   (+5).
   It has a curse which improves the following skills: Ranged Combat: Ranged
   Weapons and Throwing.
   Beguiling: Conjurations, Hexes and Translocations.
 u - a ring of flight
 z - a ring of protection from fire
 H - a ring of willpower
 O - a ring of wizardry
 S - an amulet of magic regeneration (around neck)
Wands
 A - a wand of mindburst (1)
 C - a wand of paralysis (9)
 D - a wand of digging (5)
 N - a wand of flame (10)
 R - a wand of polymorph (7)
 V - a wand of roots (10)
Scrolls
 a - 5 scrolls of vulnerability
 i - 7 scrolls of enchant weapon
 n - 8 scrolls of teleportation
 t - 2 scrolls of poison
 B - a scroll of silence
 I - 2 scrolls of amnesia
 J - 4 scrolls of fear
 L - 5 scrolls of fog
 P - a scroll of magic mapping
 Z - a scroll of acquirement
Potions
 c - 5 potions of attraction
 h - 3 potions of might
 k - a potion of resistance
 o - 2 potions of brilliance
 q - a potion of ambrosia
 v - 3 potions of cancellation
 E - a potion of lignification
 F - 3 potions of mutation
 K - 4 potions of flight
Miscellaneous
 p - a condenser vane (inert)


   Skills:
 * Level 7.9 Fighting
 + Level 6.5(8.5) Short Blades
 + Level 5.3 Armour
 * Level 11.7 Dodging
 + Level 9.1 Stealth
 + Level 1.3 Shields
 + Level 10.0 Spellcasting
 - Level 7.3(10.3) Conjurations
 * Level 8.4 Summonings
 + Level 5.7 Necromancy
 + Level 4.3(7.1) Translocations
 - Level 3.6(5.4) Air Magic
 + Level 2.1(3.6) Earth Magic
 - Level 5.0 Poison Magic
 - Level 5.1(7.0) Evocations


You had 11 spell levels left.
You knew the following spells:

 Your Spells              Type           Power      Damage    Failure   Level
a - Magic Dart            Conj           100%       1d8       1%          1
c - Mephitic Cloud        Conj/Pois/Air  39%        N/A       1%          3
d - Manifold Assault      Tloc           40%        N/A       3%          4
p - Sublimation of Blood  Necr           34%        N/A       1%          2
q - Call Imp              Summ           46%        N/A       1%          2
s - Borgnjor's Vile Clut  Necr/Erth      15%        N/A       26%         5
x - Cigotuvi's Dreadful   Necr/Pois/Air  66%        N/A       1%          2
z - Blink                 Tloc           80%        N/A       1%          2

Your spell library contained the following spells:

 Spells                   Type           Power      Damage    Failure   Level
 Shock                    Conj/Air       100%       1d9       1%          1
 Lesser Beckoning         Tloc           40%        N/A       1%          3
 Swiftness                Air            33%        N/A       1%          3
 Vampiric Draining        Necr           34%        2d8       1%          3
 Slow                     Hex            48%        N/A       5%          1
 Beastly Appendage        Tmut           20%        N/A       6%          1
 Animate Dead             Necr           34%        N/A       6%          4
 Spider Form              Tmut/Pois      21%        N/A       7%          3
 Airstrike                Air            16%        2d(3-19)  7%          4
 Wereblood                Tmut           10%        N/A       10%         2
 Confusing Touch          Hex            12%        N/A       17%         3
 Death Channel            Necr           17%        N/A       67%         6
 Summon Hydra             Summ           23%        N/A       86%         7
 Storm Form               Tmut/Air       10%        N/A       100%        7


Dungeon Overview and Level Annotations

Branches:
Dungeon (13/15)            Temple (1/1) D:7            Lair (4/5) D:9
 Shoals (0/4) Lair:2       Spider (1/4) Lair:2        Slime (0/5) Lair:4
    Orc (0/2) D:11
 Vaults: D:13-14

Altars:
Ashenzari
Cheibriados
Dithmenos
Elyvilon
Fedhas
Gozag
Hepliaklqana
Kikubaaqudgha
Makhleb
Nemelex Xobeh
Okawaru
Qazlal
Ru
Sif Muna
Trog
Uskayaw
Vehumet
Wu Jian
Xom
Yredelemnul
Zin
The Shining One
Jiyva

Shops:
D:6 *

Annotations:
Lair:4 2 transporters


Message History

You feel sick.
Unknown command.
You impale the demonic crawler!!
The demonic crawler is moderately wounded.
You feel sick.
The redback bites you but does no damage.
The demonic crawler hits you but does no damage. x2
The demonic crawler hits you.
* * * LOW HITPOINT WARNING * * *
You barely miss the demonic crawler.
The demonic crawler is moderately wounded.
You feel sick. The redback bites you.
* * * LOW HITPOINT WARNING * * *
You are lethally poisoned!
The redback poisons you!
Unknown command.
You puncture the demonic crawler!
The demonic crawler is poisoned.
The demonic crawler is heavily wounded.
* * * LOW HITPOINT WARNING * * *
You feel very sick.
The redback bites you but does no damage. x2
The demonic crawler hits you!
* * * LOW HITPOINT WARNING * * *
The demonic crawler hits you but does no damage.
The demonic crawler barely misses you.
You puncture the redback!
The redback looks as sick as possible!
The redback is severely wounded.
* * * LOW HITPOINT WARNING * * *
You feel very sick.
You kill the redback!
Unknown command.
You hit the demonic crawler but do no damage.
The demonic crawler is heavily wounded.
* * * LOW HITPOINT WARNING * * *
You feel very sick. The redback bites you!
* * * LOW HITPOINT WARNING * * *
The demonic crawler hits you but does no damage. x2
The demonic crawler hits you.
You die...

,,
#...#..#...###.###.,***
, *
##^..###..#.###.#.,, *
* , * **
#....#.##...#.#... ,*,,
* ,
*#####.......##..... *
* **#†.........##...##
, , ,*
##...#.##..#.....# **,
,, , #...####.....## >
^ * , * ,,
##..#.....#..)#{^ ^ , ,
,, ....##...##s♣##ss ,
* * .....#..###.†ssss#
*
..##..###*#.^$#H.s..^.
, , , .. ....*
...#.#.#s...# , , .#.#
#...#####...## ,, * *
*...#. , , ....,, , *
,, #.. , * #..* *^ * ,
^. *,, , , ,..**** ,*,
,*,,,, * , ,* ** ,, , *


You could see a jorogumo, a demonic crawler (very poisoned), a wolf spider, a
culicivora, 2 tarantellas and 2 redbacks.

Vanquished Creatures
  Agnes (Spider:1)
  Gastronok (D:10)
  Snorg (Lair:3)
  Erolcha (D:10)
  A hydra (Lair:2)
  2 two-headed ogres (D:9)
  3 boulder beetles
  Urug (Lair:2)
  Lodul (D:11)
  A deep troll (Lair:3)
  2 steelbarb worms (Spider:1)
  A lindwurm (Lair:2)
  A wolf spider (Spider:1)
  2 moths of wrath (Spider:1)
  2 black mambas (Lair:2)
  4 elephants (Lair:2)
  6 cane toads
  Psyche (D:10)
  A rime drake (Lair:3)
  5 komodo dragons
  3 trolls
  A hornet (D:11)
  A polar bear (Lair:3)
  8 tarantellas (Spider:1)
  10 blink frogs
  A snapping turtle (Lair:2)
  6 dream sheep
  2 shadows
  2 culicivoras (Spider:1)
  6 wyverns
  3 basilisks
  32 yaks
  2 steam dragons
  A redback (Spider:1)
  4 acid dragons
  8 water moccasins
  2 orc warriors (D:11)
  A sky beast (D:8)
  2 black bears
  11 ogres
  7 wolves
  3 centaurs
  A phantom (D:4)
  9 kobold brigands
  13 bullfrogs
  6 gnoll sergeants
  2 necrophages
  6 scorpions
  6 wights
  8 killer bees (D:10)
  6 hounds
  A quasit (D:5)
  4 orc priests
  4 iguanas
  17 orc wizards
  5 gnolls
  4 adders (D:5)
  A shadow imp (D:6)
  A white imp (D:6)
  2 ufetubi
  A worm (D:3)
  2 dart slugs
  31 orcs
  7 endoplasms
  7 giant cockroaches
  7 goblins
  7 hobgoblins
  5 jackals (D:1)
  19 kobolds
  5 quokkas
  5 ball pythons
  5 bats
  5 frilled lizards
  2 goblin zombies (D:5)
  A kobold zombie (D:5)
  An orc skeleton (D:5)
  2 orc zombies (D:5)
  6 rats
368 creatures vanquished.

Vanquished Creatures (collateral kills)
  A cane toad (Lair:3)
  A yak (Lair:1)
  2 ogres
  A necrophage (D:7)
  A bullfrog (D:7)
  2 hounds
  An orc (D:3)
  A goblin zombie (D:5)
  A kobold (D:5)
  An orc skeleton (D:5)
12 creatures vanquished.

Vanquished Creatures (others)
  A bush (Lair:3)
  4 demonic plants (D:1)
  21 fungi
  27 plants
  3 withered plants (D:1)
56 creatures vanquished.

Grand Total: 436 creatures vanquished

Notes
Turn   | Place    | Note
-------+----------+-------------------------------------------
     0 | D:1      | ICEMaiden the Deep Elf Hedge Wizard began the quest for the
                  | Orb.
     0 | D:1      | Reached XP level 1. HP: 10/10 MP: 7/7
   394 | D:1      | Reached XP level 2. HP: 15/16 MP: 0/9
   475 | D:1      | Found a faded altar of an unknown god.
  1035 | D:1      | Reached XP level 3. HP: 20/20 MP: 7/11
  1082 | D:1      | Learned a level 2 spell: Blink
  1085 | D:1      | Learned a level 2 spell: Call Imp
  1089 | D:1      | Learned a level 3 spell: Mephitic Cloud
  1841 | D:2      | Found a shimmering altar of Xom.
  2188 | D:2      | Reached skill level 3 in Dodging
  2271 | D:3      | Reached skill level 1 in Fighting
  2271 | D:3      | Reached XP level 4. HP: 20/25 MP: 6/12
  2370 | D:3      | Found a shadowy altar of Dithmenos.
  2384 | D:3      | Found a hazy altar of Hepliaklqana.
  2675 | D:3      | Found a glowing silver altar of Zin.
  2757 | D:3      | Found a broken altar of Ashenzari.
  2782 | D:3      | Became a worshipper of Ashenzari the Shackled
  2930 | D:3      | Learned a level 2 spell: Sublimation of Blood
  2933 | D:3      | Learned a level 2 spell: Cigotuvi's Dreadful Rot
  2965 | D:4      | Noticed a necrophage
  2996 | D:4      | Found a snail-covered altar of Cheibriados.
  3058 | D:4      | Reached XP level 5. HP: 29/29 MP: 12/14
  3073 | D:4      | Reached skill level 1 in Short Blades
  3086 | D:4      | Found a burning altar of Makhleb.
  3174 | D:4      | Reached skill level 1 in Poison Magic
  3203 | D:4      | Reached skill level 1 in Armour
  3203 | D:4      | Reached skill level 5 in Spellcasting
  3203 | D:4      | Reached skill level 1 in Air Magic
  3237 | D:4      | Reached XP level 6. HP: 30/35 MP: 8/15
  3308 | D:4      | Identified the +0 scimitar "Zudghej" {vorpal, Drain *Slow
                  | Fly Will+++}
  3397 | D:4      | Reached skill level 1 in Necromancy
  3487 | D:4      | Found a blossoming altar of Fedhas.
  3492 | D:4      | Found a stormy altar of Qazlal.
  3688 | D:4      | Found a radiant altar of Vehumet.
  3763 | D:5      | Entered Level 5 of the Dungeon
  3799 | D:4      | Reached skill level 4 in Dodging
  3937 | D:5      | Reached XP level 7. HP: 40/40 MP: 7/16
  4055 | D:5      | Found a glowing golden altar of the Shining One.
  5351 | D:6      | Reached XP level 8. HP: 45/45 MP: 16/18
  5458 | D:6      | Reached skill level 5 in Dodging
  5941 | D:6      | Reached * piety under Ashenzari
  5941 | D:6      | Identified a scroll of acquirement
  6014 | D:6      | Found Ofrod's CLEARANCE SALE!.
  6060 | D:6      | Bought a scroll of teleportation for 15 gold pieces
  6060 | D:6      | Bought a wand of paralysis (4) for 48 gold pieces
  6158 | D:7      | Found a sparkling altar of Nemelex Xobeh.
  6415 | D:7      | Found a staircase to the Ecumenical Temple.
  6529 | Temple   | Entered the Ecumenical Temple
  6653 | D:7      | Found a faded altar of an unknown god.
  6653 | D:7      | Found a shimmering blue altar of Sif Muna.
  6661 | D:7      | Found an ornate altar of the Wu Jian Council.
  6663 | D:7      | Found a faded altar of an unknown god.
  6691 | D:7      | Found a white marble altar of Elyvilon.
  6741 | D:7      | Reached ** piety under Ashenzari
  6976 | D:7      | Reached skill level 6 in Dodging
  7005 | D:7      | Reached XP level 9. HP: 43/52 MP: 16/22
  7570 | D:6      | Reached skill level 1 in Evocations
  7936 | D:7      | Reached skill level 5 in Stealth
  8594 | D:8      | Reached skill level 5 in Summonings
  8747 | D:8      | Reached skill level 7 in Dodging
  8993 | D:8      | Reached XP level 10. HP: 59/59 MP: 22/24
  9089 | D:8      | HP: 1/53 [wight/+0 trident (6)]
 10170 | D:9      | Noticed a two-headed ogre
 11048 | D:9      | Noticed a gargoyle
 11078 | D:9      | HP: 1/46 [gargoyle/stone arrow (14)]
 11117 | D:9      | Noticed a death yak
 11117 | D:9      | Noticed a death yak
 11121 | D:9      | You fall into a shaft and drop 3 floors!
 11311 | D:12     | Acquired the ring of Mut Hesa {EV+4 Slay+5}
 11326 | D:12     | Noticed a manticore
 11339 | D:11     | Reached *** piety under Ashenzari
 11464 | D:10     | Entered Level 10 of the Dungeon
 11615 | D:10     | Noticed Gastronok
 12056 | D:10     | Reached skill level 5 in Fighting
 12061 | D:10     | Reached skill level 8 in Dodging
 12169 | D:10     | Noticed Erolcha
 12417 | D:9      | Found a staircase to the Lair.
 12417 | D:9      | Noticed a death yak
 12794 | Lair:1   | Entered Level 1 of the Lair of Beasts
 12816 | Lair:1   | Reached skill level 5 in Conjurations
 12857 | Lair:1   | Noticed a cane toad
 12902 | Lair:1   | Reached XP level 11. HP: 62/68 MP: 25/27
 13061 | Lair:1   | Reached **** piety under Ashenzari
 13067 | Lair:1   | Learned a level 4 spell: Manifold Assault
 13625 | Lair:1   | Reached skill level 5 in Necromancy
 14427 | Lair:2   | Reached skill level 5 in Poison Magic
 14445 | Lair:2   | Found a hole to the Spider Nest.
 14891 | Lair:2   | Found a staircase to the Shoals.
 15193 | Lair:2   | Noticed a seven-headed hydra
 15234 | Lair:2   | Reached skill level 9 in Dodging
 15606 | Lair:2   | Noticed a lindwurm
 15616 | Lair:2   | Killed a lindwurm
 15872 | Lair:2   | Reached skill level 5 in Short Blades
 16021 | Lair:2   | Killed a seven-headed hydra
 16118 | Lair:2   | Noticed Urug
 16124 | Lair:2   | Killed Urug
 16125 | Lair:2   | Reached XP level 12. HP: 77/77 MP: 26/30
 16684 | Lair:3   | Reached skill level 5 in Evocations
 16717 | Lair:3   | Reached skill level 10 in Dodging
 17633 | Lair:3   | Noticed Snorg
 17815 | Lair:3   | Killed Snorg
 17952 | Lair:3   | Reached skill level 5 in Armour
 18483 | Lair:3   | Noticed a boulder beetle
 18487 | Lair:3   | Killed a boulder beetle
 18567 | Lair:4   | Identified the +1 robe of Kokkosch {rC+ Str-3 SInv}
 18699 | Lair:4   | Found a transporter.
 18699 | Lair:4   | Identified the +0 pair of boots of the Old and Reckless
                  | {rC+ Str+2}
 18712 | Lair:4   | Found a transporter.
 18736 | Lair:4   | Found a staircase to the Slime Pits.
 18737 | Lair:4   | Found a viscous altar of Jiyva.
 18890 | D:9      | Noticed a two-headed ogre
 19246 | D:9      | Killed a two-headed ogre
 19247 | D:9      | Reached skill level 11 in Dodging
 19939 | D:10     | Found an opulent altar of Gozag.
 20080 | D:10     | Killed Erolcha
 20417 | D:10     | Learned a level 5 spell: Borgnjor's Vile Clutch
 20418 | D:10     | Noticed Psyche
 20445 | D:10     | Killed Psyche
 20446 | D:10     | Reached XP level 13. HP: 79/83 MP: 31/31
 20586 | D:10     | Killed Gastronok
 20975 | D:11     | Found a staircase to the Orcish Mines.
 21443 | D:11     | Noticed Lodul
 21458 | D:11     | Killed Lodul
 21459 | D:11     | Reached skill level 1 in Earth Magic
 22075 | Spider:1 | Entered Level 1 of the Spider Nest
 22553 | Spider:1 | Reached skill level 1 in Shields
 22700 | Spider:1 | Noticed Agnes
 22720 | Spider:1 | Killed Agnes
 22721 | Spider:1 | Reached skill level 10 in Spellcasting
 22729 | Spider:1 | HP: 1/175 [redback (9)]
 22729 | Spider:1 | Slain by a demonic crawler

Illustrated notes

Levels and vault maps discovered:
D:1:      dpeg_arrival_rooms_with_view, layout_rooms,
          shapermc_ecumenical_altar_gd
D:2:      layout_basic, basic_altar
D:3:      layout_rooms, grunt_temple_overflow_open, mainiacjoe_overflow_catwalk,
          hex_intersection
D:4:      layout_basic, grunt_temple_overflow_forces_of_nature,
          marbit_many_paths, lemuel_doored_altar,
          mainiacjoe_overflow_six_doors_small
D:5:      layout_rooms, nicolae_tso_besieged_by_evil, lexackson_kobold_supper
D:6:      layout_basic, nicolae_shop_clearance
D:7:      minmay_clustersquares, layout_rooms,
          nemelex_xobeh_ov_fountains_minmay,
          chequers_temple_overflow_minitemple, minmay_temple_entry_fiery
D:8:      layout_cave_pods
D:9:      layout_irregular_city, dpeg_lair_monsters, kennysheep_generic_room_16
D:10:     layout_long_grid, mainiacjoe_overflow_cross_hatched, uniq_erolcha,
          uniq_gastronok, uniq_psyche
D:11:     layout_roguey, kennysheep_orc_monster_closet_entryway, uniq_lodul
D:12:     layout_layer_cave, grunt_decor_mini_mirrors, minmay_lizard_king,
          uniq_nessos
D:13:     layout_cave_pools, hangedman_vaults_entry_quadrant_bands,
          gammafunk_ghost_mausoleum, uniq_rupert
Temple:   nicolae_temple_little_seven
Lair:1:   layout_loops_ring, lemuel_fruit_tree, serial_bayou_shore_b,
          grunt_megastairs_1
Lair:2:   layout_big_grid, minmay_shoals_entry_hut, dummy_spider_entry,
          st_stairs_3, hangedman_lair_generics_rect, lemuel_fruit_fields,
          uniq_urug
Lair:3:   dreamdust_cave_troll, layout_chaotic_city, nzn_sisyphean_effort,
          infiniplex_staircase_pool_2, uniq_snorg
Lair:4:   gammafunk_worm_tunnel, layout_cave_pods,
          nicolae_slime_entry_slimehenge, serial_bayou_shore_b
Spider:1: layout_spider_delve, hellmonk_deceptive_appearances, uniq_agnes,
          uniq_donald

Skill      XL: |  1  2  3  4  5  6  7  8  9 10 11 12 13 |
---------------+----------------------------------------+-----
Dodging        | 3 4 6 7 8 9 11 | 11.7
Fighting       | 1 2 3 4 5 6 7 |  7.9
Stealth        | 3 4 5 6 7 8 9 |  9.1
Short Blades   | 1 2 3 4 5 6 |  6.5
Poison Magic   | 1 2 3 4 5 |  5.0
Armour         | 1 2 3 4 5 |  5.3
Spellcasting   | 5 6 7 8 9 10 | 10.0
Summonings     | 2 3 5 7 8 |  8.4
Translocations | 2 3 4 |  4.3
Air Magic      | 1 2 3 |  3.6
Conjurations   | 2 3 4 5 6 7 |  7.3
Necromancy     | 1 2 3 4 5 |  5.7
Evocations     | 2 3 4 5 |  5.1
Earth Magic    | 2 |  2.1
Shields        | 1 |  1.3

Action                   |  1- 3 |  4- 6 |  7- 9 | 10-12 | 13-15 || total
-------------------------+-------+-------+-------+-------+-------++-------
Melee: Dagger            |    13 |    61 |   282 |   875 |   187 ||  1418
       Rapier            |    16 |       |       |       |       ||    16
       Punch             |       |       |     6 |     7 |     1 ||    14
 Cast: Magic Dart        |   111 |    64 |    90 |    66 |     4 ||   335
       Call Imp          |     1 |     5 |    15 |    29 |     1 ||    51
       Cigotuvi's Dreadf |       |     1 |     1 |     3 |       ||     5
       Mephitic Cloud    |       |       |     8 |    14 |     4 ||    26
       Blink             |       |       |     1 |    12 |     1 ||    14
       Manifold Assault  |       |       |       |    89 |    29 ||   118
Invok: Curse Item        |       |     1 |     2 |     4 |       ||     7
       Shatter the Chain |       |       |       |     1 |       ||     1
Evoke: Wand              |       |       |    11 |    18 |    11 ||    40
       Condenser vane    |       |       |       |     1 |     1 ||     2
  Use: Scroll            |       |       |     7 |     7 |     2 ||    16
       Potion            |       |       |     5 |     3 |     7 ||    15
 Stab: Distracted        |     1 |       |     1 |       |     1 ||     3
       Sleeping          |       |     5 |     5 |    14 |     1 ||    25
       Confused          |       |       |    10 |    13 |     7 ||    30
       Paralysed         |       |       |     1 |     1 |       ||     2
Armor: Robe              |     9 |    27 |    56 |       |       ||    92
       Acid dragon scale |       |       |    33 |   162 |    32 ||   227
       Skin              |       |       |       |       |    13 ||    13
Dodge: Dodged            |    23 |    37 |   206 |   509 |    96 ||   871

Table legend: (Time is in decaauts)
 A = Elapsed time spent in this place.
 B = Non-inter-level travel time spent in this place.
 C = Inter-level travel time spent in this place.
 D = Time resting spent in this place.
 E = Time spent auto-exploring this place.
 F = Levels seen in this place.
 G = Mean time per level.
                   A        B        C        D        E       F      G
               +--------+--------+--------+--------+--------+-----+--------+
         Total |  22436 |  20939 |   1497 |   6567 |   9951 |  19 | 1180.8 |
       Dungeon |  15719 |  14573 |   1146 |   4195 |   7328 |  13 | 1209.2 |
        Temple |     60 |     53 |      7 |      0 |     52 |   1 |   60.0 |
          Lair |   6358 |   6043 |    315 |   2363 |   2416 |   4 | 1589.5 |
   Spider Nest |    298 |    271 |     27 |      9 |    155 |   1 |  298.0 |
               +--------+--------+--------+--------+--------+-----+--------+

Top non-repeatable levels by time:
  Lair:2: 2441 daAuts
     D:7: 2255 daAuts
  Lair:1: 1980 daAuts
     D:9: 1861 daAuts
     D:8: 1800 daAuts
    D:10: 1705 daAuts
     D:6: 1680 daAuts
  Lair:3: 1675 daAuts
     D:1: 1398 daAuts
    D:11: 1154 daAuts
     D:4: 1050 daAuts
     D:5: 1020 daAuts
     D:2: 868 daAuts
     D:3: 712 daAuts
Spider:1: 298 daAuts
